 Dungeon Crawl Stone Soup version 0.28.0-43-g3370ac3207 (webtiles) character file.

Game seed: 8221745358562384837

6970 croobank the Cleaver (level 11, -5/148 HPs)
             Began as a Hill Orc Fighter on Mar 28, 2022.
             Was a Believer of Beogh.
             Slain by an orange demon (7 damage)
             ... on level 1 of the Abyss.
             The game lasted 00:35:07 (10417 turns).

croobank the Cleaver (Hill Orc Fighter)            Turns: 10417, Time: 00:35:08

Health: -5/148     AC: 25    Str: 23 (24) XL:     11   Next: 7%
Magic:  0/17       EV:  2    Int:  5 (8)  God:    Beogh [**....]
Gold:   290        SH:  5    Dex:  7 (10) Spells: 10/10 levels left

rFire   . . .      SeeInvis .   a - +2 war axe
rCold   . . .      Faith    .   c - +0 buckler
rNeg    . . .      Spirit   +   (armour currently unavailable)
rPois   +          Reflect  .   (helmet currently unavailable)
rElec   .          Harm     .   (cloak currently unavailable)
rCorr   .          Rampage  .   (gloves currently unavailable)
Will    .....      NoTele   +   (boots currently unavailable)
Stlth   +.........              y - amulet of guardian spirit
HPRegen 0.34/turn               (no ring)
MPRegen 0.15/turn               (no ring)

@: mighty, tree-form
A: stationary, stasis, torment immunity, boosted hp
a: Renounce Religion, Smiting


You were on level 1 of the Abyss.
You worshipped Beogh.
Beogh was pleased with you.
You were a tree.
You visited 1 branch of the dungeon, and saw 9 of its levels.
You visited the Abyss 1 time.

You collected 355 gold pieces.
You spent 65 gold pieces at shops.

Inventory:

Hand Weapons
 a - a +2 war axe (weapon)
 b - a +0 hunting sling
 I - a +2 short sword of freezing
 L - a +0 glaive
 P - a +0 morningstar
 T - a +2 flail of protection
Missiles
 f - 11 poisoned darts
 n - 157 stones
 q - 6 boomerangs
 z - 104 arrows
 A - 56 bolts
 B - 4 javelins
 G - 106 sling bullets
Armour
 c - a +0 buckler (worn)
 g - a +0 cloak (melded)
 h - a +0 pair of gloves (melded)
 o - a +2 helmet (melded)
 t - a +0 pair of boots (melded)
 u - the +5 chain mail of Gaziel (melded) {rElec Will- rCorr MP+9}
   (You found it on level 3 of the Dungeon)

   rElec:     It insulates you from electricity.
   MP:        It affects your magic capacity (+9).
   rCorr:     It protects you from acid and corrosion.
   Will:      It decreases your willpower.
 w - a +0 scale mail
 U - the +1 leather armour of Noughts and Crosses {*Corrode rElec Will+ Str+4}
   (You found it on level 9 of the Dungeon)

   Str:       It affects your strength (+4).
   rElec:     It insulates you from electricity.
   *Corrode:  It may corrode you when you take damage.
   Will:      It increases your willpower.
Jewellery
 e - an amulet of magic regeneration
 y - an amulet of guardian spirit (around neck)
 Q - a ring of ice
Wands
 l - a wand of iceblast (8)
 C - a wand of paralysis (19) (quivered)
 H - a wand of acid (8)
 M - a wand of flame (28)
Scrolls
 j - 2 scrolls of immolation
 x - a scroll of fear
 E - 3 scrolls of holy word
 K - 2 scrolls of amnesia
 O - 2 scrolls of magic mapping
Potions
 i - 3 potions of brilliance
 m - a potion of flight
 p - 3 potions of mutation
 N - a potion of invisibility
Miscellaneous
 F - a tin of tremorstones (2/2)


   Skills:
 + Level 9.8 Fighting
 + Level 10.3 Axes
 + Level 8.9 Armour
 + Level 9.0 Shields
 + Level 9.1 Invocations


You had 10 spell levels left.
You didn't know any spells.
Your spell library contained the following spells:

 Spells                   Type           Power      Damage    Failure   Level
 Foxfire                  Conj/Fire      0%         2x1d4     54%         1
 Sandblast                Erth           0%         2d4       54%         1
 Passwall                 Tmut/Erth      0%         N/A       69%         2
 Conjure Flame            Conj/Fire      0%         6-21      89%         3
 Dazzling Flash           Conj/Hex       0%         N/A       89%         3
 Gell's Gravitas          Tloc           0%         N/A       89%         3
 Inner Flame              Hex/Fire       0%         N/A       89%         3
 Stone Arrow              Conj/Erth      0%         3d7       89%         3
 Teleport Other           Tloc           0%         N/A       89%         3
 Flame Wave               Conj/Fire      0%         2d4       100%        4
 Iskenderun's Mystic Bla  Conj/Tloc      0%         2d3       100%        4
 Olgreb's Toxic Radiance  Pois           0%         N/A       100%        4
 Dispersal                Tloc           0%         N/A       100%        6
 Starburst                Conj/Fire      0%         6d3       100%        6
 Ozocubu's Refrigeration  Ice            0%         4d5       100%        7
 Ignition                 Fire           0%         3d3       100%        8


Dungeon Overview and Level Annotations

Branches:
Dungeon (9/15)             Temple (0/1) D:5
   Lair: D:8-11         Orc: D:9-12

Altars:
Ashenzari
Cheibriados
Elyvilon
Fedhas
Gozag
Kikubaaqudgha
Qazlal
Ru
Sif Muna
Trog
Wu Jian
Xom
Zin

Shops:
D:7 !   D:8 *(

Annotations:
D:7 3 runed translucent doors, Zeld's ghost, novice DEFE
D:9 Erolcha


Message History

The orange demon stings you but does no damage.
The guardian serpent coils itself and waves its upper body at you.
The lurking horror blinks!
The naga blinks!
You feel very mighty all of a sudden.
You feel less confused. The thrashing horror tramples you!
* * * LOW HITPOINT WARNING * * *
The thrashing horror tramples you but does no damage.
The large abomination hits you.
* * * LOW HITPOINT WARNING * * *
You block the orange demon's attack. The naga hits you but does no damage.
You block the naga's attack.
The glowing orange brain convulses!
You feel a surge of unholy energy.
The naga convulses!
The guardian serpent convulses!
The naga warrior convulses!
Tentacles burst from the starspawn's body!
The guardian serpent coils itself and waves its upper body at you. 2 starspawn tentacles come into view.
You slash the glowing orange brain!
The glowing orange brain is severely wounded.
You slash the thrashing horror! You barely miss the large abomination.
You barely miss the naga.
You hit the starspawn tentacle but do no damage.
The thrashing horror tramples you but does no damage. x2
The large abomination barely misses you.
You block the orange demon's attack. The naga spits poison at you.
The splash of poison hits you but does no damage.
You resist.
The guardian serpent coils itself and waves its upper body at you.
The thrashing horror blinks!
The glowing orange brain blinks!
The large abomination hits you!!
* * * LOW HITPOINT WARNING * * *
The starspawn tentacle grabs you. The starspawn tentacle constricts you.
The starspawn tentacle loses its grip on you.
You slash the thrashing horror!
The thrashing horror is severely damaged.
You slash the tentacled starspawn! You hit the naga.
You hit the large abomination. The thrashing horror tramples you.
The thrashing horror tramples you but does no damage. x3
The orange demon stings you from afar!
You die...

. .#....# # .
###..#..# .##
.##...#.##..#.#.#
## ..#
##..#...##.#.#
.#... . ..#....#
..... .. ... . ...
#.#....#.# #.#...
###*##.##....Z#w#
..... . 4.##
.4#...44X##.#.#.#.
.. # # ##.*
.##S♣N#.#.... .
.....#
###NN.#XX.......
.#..#
#####.#N#§...#..##
* . #.
..##.......# .
..#...#...
#.#..#.G.# # .#
#..#..###.#..## #.
...#..#.# ... .#
## # # #..##.
...... ..#. .# ..#
##...#.


You could see a naga warrior (summoned), a tentacled starspawn (summoned), a
glowing orange brain, an orange demon, a thrashing horror, a large abomination,
a guardian serpent (summoned), a naga mage (summoned), a chaos spawn, 2 nagas, a
starspawn tentacle and a five-headed hydra simulacrum (summoned).

Vanquished Creatures
  A two-headed ogre (D:8)
  Maggie (D:7)
  An ancient zyme (Abyss:1)
  A troll (D:9)
  2 hornets (D:8)
  Grinder (D:5)
  A wyvern (D:7)
  A vampire (D:5)
  12 yaks
  A steam dragon (D:7)
  An acid dragon (D:8)
  2 sky beasts (D:5)
  A small abomination (Abyss:1)
  3 ice beasts
  3 ogres
  A black bear (D:5)
  An orc warrior (D:9)
  2 centaurs
  A kobold brigand (D:9)
  Blork the orc (D:5)
  A gnoll sergeant (D:8)
  A scorpion (D:6)
  A wyvern skeleton (D:6)
  3 water moccasin zombies (D:5)
  4 killer bees (D:9)
  3 wights (D:8)
  A howler monkey (D:6)
  A bullfrog zombie (D:5)
  A jelly (D:7)
  4 orc priests
  6 hounds
  5 bullfrog skeletons (D:5)
  Terence (D:3)
  Jessica (D:3)
  6 iguanas
  8 orc wizards
  A killer bee zombie (D:7)
  A howler monkey skeleton (D:4)
  9 gnolls
  9 adders
  3 shadow imps
  A white imp (D:7)
  2 ufetubi
  5 worms
  14 orcs
  9 ball pythons
  4 bats
  5 endoplasms
  2 giant cockroaches
  7 goblins
  5 hobgoblins
  11 jackals
  5 quokkas
  4 frilled lizards
  11 kobolds
  4 rats
197 creatures vanquished.

Vanquished Creatures (collateral kills)
  A killer bee (D:9)
  2 orcs (D:9)
  A kobold (D:9)
4 creatures vanquished.

Vanquished Creatures (others)
  2 orcs
  3 hobgoblins (D:3)
  A rat (D:3)
  A lurking horror (Abyss:1)
  A plant (D:7)
  A starspawn tentacle (Abyss:1)
9 creatures vanquished.

Grand Total: 210 creatures vanquished

Notes
Turn   | Place    | Note
-------+----------+-------------------------------------------
     0 | D:1      | croobank the Hill Orc Fighter began the quest for the Orb.
     0 | D:1      | Reached XP level 1. HP: 19/19 MP: 1/1
    75 | D:1      | Found a faded altar of an unknown god.
   118 | D:1      | Reached XP level 2. HP: 27/27 MP: 2/2
   228 | D:1      | Reached skill level 3 in Axes
  1057 | D:2      | Found a shimmering altar of Xom.
  1065 | D:2      | Reached XP level 3. HP: 31/33 MP: 3/3
  1570 | D:2      | Reached XP level 4. HP: 39/40 MP: 4/4
  2094 | D:3      | Noticed Terence
  2104 | D:3      | Killed Terence
  2303 | D:3      | Identified the +0 robe of Bafrotey {Int+3}
  2313 | D:3      | Found an ancient bone altar of Kikubaaqudgha.
  2318 | D:3      | Reached skill level 4 in Axes
  2318 | D:3      | Reached XP level 5. HP: 47/47 MP: 5/5
  2321 | D:3      | Became a worshipper of Beogh the Brigand
  2363 | D:3      | Noticed Jessica
  2369 | D:3      | Killed Jessica
  2588 | D:3      | Identified the +5 chain mail of Gaziel {rElec Will- rCorr
                  | MP+9}
  3114 | D:4      | Reached skill level 1 in Invocations
  3164 | D:4      | Found an opulent altar of Gozag.
  3175 | D:4      | Reached skill level 5 in Fighting
  3175 | D:4      | Reached XP level 6. HP: 56/56 MP: 6/6
  3465 | D:4      | Found an opulent altar of Gozag.
  3472 | D:4      | Reached * piety under Beogh
  3727 | D:5      | Entered Level 5 of the Dungeon
  3836 | D:5      | Reached skill level 5 in Axes
  4154 | D:5      | Found an ornate altar of the Wu Jian Council.
  4204 | D:5      | Found a shimmering altar of Xom.
  4246 | D:5      | Found a staircase to the Ecumenical Temple.
  4249 | D:5      | Noticed Grinder
  4250 | D:5      | Paralysed by Grinder for 5 turns
  4256 | D:5      | Paralysed by Grinder for 2 turns
  4267 | D:5      | Paralysed by Grinder for 4 turns
  4271 | D:5      | Killed Grinder
  4272 | D:5      | Reached skill level 5 in Armour
  4272 | D:5      | Reached skill level 5 in Shields
  4272 | D:5      | Reached XP level 7. HP: 52/62 MP: 9/9
  4592 | D:5      | Reached XP level 8. HP: 58/70 MP: 10/10
  4664 | D:5      | Reached skill level 6 in Axes
  4884 | D:5      | Noticed a vampire
  4910 | D:5      | Killed a vampire
  4911 | D:5      | Reached skill level 5 in Invocations
  5087 | D:5      | Noticed Blork the orc
  5096 | D:5      | Reached ** piety under Beogh
  5101 | D:5      | Killed Blork the orc
  5102 | D:5      | Reached skill level 7 in Axes
  5241 | D:5      | Reached XP level 9. HP: 76/79 MP: 13/13
  5902 | D:6      | Reached skill level 8 in Axes
  5991 | D:6      | Found a white marble altar of Elyvilon.
  6237 | D:7      | Found Esuweqau's Distillery.
  6251 | D:7      | Bought a potion of berserk rage for 65 gold pieces
  6574 | D:7      | Found a runed translucent gate.
  6577 | D:7      | Noticed Maggie
  6580 | D:7      | Found a runed translucent gate.
  6580 | D:7      | Found a runed translucent gate.
  6581 | D:7      | Noticed a troll
  6583 | D:7      | Noticed Zeld's ghost (novice DEFE)
  6583 | D:7      | Paralysed by Maggie for 6 turns
  6593 | D:7      | Killed Maggie
  6595 | D:7      | Reached XP level 10. HP: 21/90 MP: 7/15
  7304 | D:8      | Reached skill level 9 in Axes
  7533 | D:8      | Found a glowing silver altar of Zin.
  7552 | D:8      | Found a shimmering blue altar of Sif Muna.
  7553 | D:8      | Found a sacrificial altar of Ru.
  7556 | D:8      | Found a bloodstained altar of Trog.
  7556 | D:8      | Found a blossoming altar of Fedhas.
  7589 | D:8      | Found Ydoret's Assorted Antiques.
  7917 | D:8      | Noticed a two-headed ogre
  7951 | D:8      | Killed a two-headed ogre
  8382 | D:8      | Found a broken altar of Ashenzari.
  8383 | D:8      | Found a stormy altar of Qazlal.
  8661 | D:8      | Found a snail-covered altar of Cheibriados.
  8695 | D:8      | Found Wello's Weapon Emporium.
  8936 | D:9      | Reached skill level 10 in Axes
  9031 | D:9      | Reached *** piety under Beogh
  9079 | D:9      | Reached XP level 11. HP: 58/99 MP: 15/17
  9793 | D:9      | Identified the +1 leather armour of Noughts and Crosses
                  | {*Corrode rElec Will+ Str+4}
 10135 | D:9      | Noticed Erolcha
 10149 | D:9      | Cast into level 1 of the Abyss (Erolcha)
 10271 | Abyss:1  | Noticed an eidolon
 10277 | Abyss:1  | Noticed a starcursed mass
 10385 | Abyss:1  | Noticed a thrashing horror
 10390 | Abyss:1  | Noticed a glowing orange brain
 10400 | Abyss:1  | Noticed a large abomination
 10414 | Abyss:1  | Noticed a tentacled starspawn
 10414 | Abyss:1  | Noticed a naga warrior
 10416 | Abyss:1  | HP: 2/148 [large abomination (20)]
 10417 | Abyss:1  | Slain by an orange demon

Illustrated notes

Levels and vault maps discovered:
D:1:      psy_arrival_statuary, layout_basic, basic_ecumenical_altar
D:2:      layout_basic, basic_altar
D:3:      layout_rooms, mainiacjoe_overflow_small_starburst, serial_rivers,
          chequers_serial_rivers_small_b, chequers_serial_rivers_micro_d,
          chequers_serial_rivers_small_b, chequers_serial_rivers_micro_c,
          uniq_terence, uniq_jessica
D:4:      layout_basic, nicolae_gozag_seed_capital, kennysheep_flooded_box,
          minmay_misc_feat_nine_boxes
D:5:      kennysheep_windowed_halls, layout_basic, mainiacjoe_overflow_24_doors,
          nicolae_wu_jian_glorious_leap, minmay_temple_entry_large_hall,
          uniq_blork_the_orc, uniq_grinder
D:6:      layout_cave_pools, elyvilon_altar_5
D:7:      layout_loops_ring, serial_shops, nicolae_shop_waterfront,
          enter_bailey_2, gammafunk_ghost_split, serial_bayou_pond_d,
          uniq_maggie
D:8:      layout_basic, grunt_temple_overflow_open, slow_altar_1,
          mainiacjoe_overflow_alcove_3, mainiacjoe_overflow_brackets,
          serial_shops, shop, nicolae_square_shop
D:9:      layout_long_grid, amcnicky_mini_corridor_feature, uniq_erolcha
Abyss:1:  base: D:3, gammafunk_corrupted_shrine

Skill      XL: |  1  2  3  4  5  6  7  8  9 10 11 |
---------------+----------------------------------+-----
Axes           | 3 4 5 7 8 10 | 10.3
Fighting       | 4 5 6 7 8 9 |  9.8
Armour         | 4 5 6 7 8 |  8.9
Shields        | 4 5 6 7 8 9 |  9.0
Invocations    | 1 2 3 5 7 8 9 |  9.1

Action                   |  1- 3 |  4- 6 |  7- 9 | 10-12 || total
-------------------------+-------+-------+-------+-------++-------
Melee: War axe           |    83 |   149 |   264 |   231 ||   727
 Fire: Hunting sling     |       |       |     6 |       ||     6
Throw: Dart              |       |       |       |     2 ||     2
Invok: Convert to Beogh  |       |     1 |       |       ||     1
       Smiting           |       |       |       |     9 ||     9
Evoke: Wand              |       |     2 |       |     8 ||    10
  Use: Scroll            |     8 |     7 |     6 |     9 ||    30
       Potion            |       |       |     4 |    13 ||    17
Armor: Scale mail        |    41 |    19 |       |       ||    60
       Chain mail        |       |    72 |   265 |   195 ||   532
       Skin              |       |       |       |    10 ||    10
Dodge: Dodged            |    52 |    72 |   101 |    80 ||   305
Block: Buckler           |    20 |    27 |    74 |    69 ||   190
